Map: Catalyst LE

Players

LiquidSnute (Snute) - Winner!

  • Race: Zerg Zerg
  • League: Master
  • Spawn Location: 11:00

AxImpact (Impact)

  • Race: Zerg Zerg
  • League: Diamond
  • Spawn Location: 5:00

Event: HomeStory Cup XVI

VOD

Have the link to the VOD?

Description

Time

  • Played on: Nov. 12, 2017, 8:15 a.m.
  • Length: 6:41

All games in this series

Show
View Real Time Build Order
Export as new Build Order

LiquidSnute Zerg - Winner!

Build Orders: Hatch First 

Get SALT Encoding   

  12  0:00  Drone  
  13  0:12  Overlord  
  13  0:17  Drone  
  14  0:30  Drone x2  
  14  0:34  Drone  
  17  0:51  Hatchery  
  17  0:54  Drone  
  17  0:57  Drone  
  17  0:59  Extractor  
  17  1:13  Spawning Pool  
  17  1:16  Drone  
  17  1:20  Drone  
  18  1:27  Drone  
  19  1:38  Overlord  
  19  1:49  Drone  
  20  1:59  Metabolic Boost  
  20  2:00  Queen  
  22  2:03  Queen  
  22  2:05  Drone  
  25  2:09  Drone  
  25  2:11  Drone  
  25  2:14  Drone  
  28  2:21  Drone  
  29  2:24  Drone  
  30  2:32  Zergling x2  
  30  2:35  Zergling x2  
  32  2:40  Hatchery  
  32  2:43  Zergling x2  
  32  2:50  Overlord, Baneling Nest  
  31  2:53  Drone  
  31  2:57  Drone  
  33  3:04  Drone  
  34  3:07  Drone  
  34  3:09  Drone  
  34  3:10  Drone  
  34  3:12  Drone x3  
  40  3:14  Drone  
  40  3:17  Drone  
  42  3:21  Overlord  
  42  3:27  Drone  
  42  3:31  Roach Warren  
  42  3:33  Extractor, Drone  
  42  3:37  Overlord  
  42  3:39  Queen  
  42  3:40  Extractor  
  44  3:46  Drone x2  
  46  3:49  Overlord x2  
  46  4:12  Roach x6  
  46  4:13  Roach x3  
  64  4:22  Roach x3  
  64  4:23  Zergling x4  
  72  4:32  Roach x2  
  72  4:36  Roach  
  72  4:38  Zergling x6  
  81  4:57  Overlord  
  80  5:04  Overlord x2  
  80  5:09  Zergling x2  
  80  5:12  Overlord  
  81  5:16  Zergling x4  
  81  5:17  Zergling x12  
  81  5:19  Overlord  
  89  5:26  Zergling x2  
  89  5:27  Zergling x2  
  91  5:31  Queen  
  93  5:37  Zergling x22  
  93  5:40  Ravager  
  93  5:41  Ravager x3  
  106  5:45  Zergling x2  
  106  5:49  Zergling x4  
  108  6:01  Zergling x20  
  104  6:21  Zergling x2  
  104  6:22  Zergling x14  
Show
View Real Time Build Order
Export as new Build Order

AxImpact Zerg 

Build Orders: Hatch First 

Get SALT Encoding   

  12  0:00  Drone  
  13  0:13  Overlord  
  13  0:17  Drone  
  14  0:32  Drone x2  
  14  0:35  Drone  
  17  0:52  Hatchery  
  17  0:56  Drone  
  17  1:00  Drone  
  18  1:10  Extractor  
  17  1:15  Spawning Pool  
  17  1:18  Drone  
  17  1:21  Drone  
  18  1:29  Drone  
  19  1:39  Overlord  
  19  2:01  Queen, Zergling x2  
  19  2:03  Queen  
  24  2:11  Drone x3  
  24  2:15  Drone  
  28  2:22  Drone  
  29  2:27  Drone  
  30  2:33  Drone  
  30  2:36  Overlord  
  31  2:37  Queen  
  34  2:44  Drone  
  34  2:48  Drone  
  35  2:56  Drone  
  36  2:59  Drone  
  36  3:05  Drone  
  38  3:09  Roach Warren  
  38  3:10  Evolution Chamber, Drone  
  38  3:11  Drone x5  
  42  3:16  Drone  
  42  3:18  Drone  
  44  3:22  Metabolic Boost  
  43  3:27  Evolution Chamber  
  43  3:31  Overlord x2  
  42  3:37  Overlord  
  42  3:43  Overlord  
  42  3:50  Roach x5  
  42  3:53  Roach  
  42  3:55  Roach  
  56  3:59  Roach  
  56  4:02  Roach  
  62  4:10  Roach  
  62  4:14  Roach x3  
  68  4:19  Roach  
  68  4:20  Overlord  
  70  4:28  Roach  
  70  4:29  Zergling x6  
  75  4:35  Zergling x2  
  76  4:40  Zergling x2  
  76  4:44  Zergling x6  
  76  4:45  Hatchery  
  79  4:49  Zergling x2  
  80  4:56  Extractor x2  
  78  5:01  Drone x4  
  82  5:10  Drone  
  83  5:16  Overlord  
  83  5:18  Overlord  
  83  5:19  Overlord  
  83  5:20  Overlord  
  82  5:29  Overlord  
  82  5:30  Drone x2  
  82  5:35  Roach x3  
  88  5:38  Roach  
  88  5:42  Ravager  
  89  5:45  Roach, Spine Crawler  
  89  5:48  Roach  
  89  5:49  Zergling x4  
  95  5:50  Zergling x2  
  95  5:56  Roach, Queen  
  99  5:59  Roach, Zergling x2  
  99  6:00  Ravager  
  103  6:04  Roach  
  103  6:05  Zergling x4  
  103  6:07  Roach  
  103  6:11  Roach  
  110  6:14  Roach  
  97  6:18  Roach x2  
Tags
 
Add a new tag
Caveats
  • Supply blocks, unpowered buildings, or Contaminate may cause inaccurate times.
  • Supply counts are checked every 10 seconds.